 Dungeon Sprint DCSS version 0.30-a0-219-gf2db51d15e (webtiles) character file.

Game seed: 30812999138091718

61054 rocky1 the Impaler (level 14, -5/132 HPs)
             Began as a Grey Draconian Monk on Oct 8, 2022.
             Was a High Priest of Cheibriados.
             Killed from afar by a yellow draconian annihilator (56 damage)
             ... with a poison arrow
             ... in the Dungeon (Sprint VII: "The Pits").
             The game lasted 00:24:44 (6397 turns).

rocky1 the Impaler (Grey Draconian Monk)            Turns: 6397, Time: 00:24:44

Health: -5/132     AC: 24    Str: 25    XL:     14   Next: 59%
Magic:  1/36       EV: 24    Int: 26    God:    Cheibriados [*****.]
Gold:   51         SH:  0    Dex: 28    Spells: 50/50 levels left

rFire   . . .      SeeInvis .    a - +2 halberd (protect)
rCold   . . .      Faith    .    (shield currently unavailable)
rNeg    . . .      Spirit   .    (body armour unavailable)
rPois   .          Reflect  .    (helmet restricted)
rElec   .          Harm     .    C - +1 cloak
rCorr   .          Rampage  .    n - +2 pair of gloves {infuse}
Will    +....      NoTele   +    o - +1 pair of boots
Stlth   ++++++....               (no amulet)
HPRegen 0.42/turn                u - +4 ring of protection
MPRegen 0.25/turn                e - +3 ring of dexterity

@: lethally poisoned (-5 -> -26), studying 2 skills, very slow
A: AC +13, amphibious, unfitting armour, cold-blooded
a: Renounce Religion, Bend Time, Temporal Distortion, Slouch, Step From Time


You were in the Dungeon.
You worshipped Cheibriados.
Cheibriados was extremely pleased with you.
You visited 1 branch You collected 51 gold pieces.

Inventory:

Hand Weapons
 a - a +2 halberd of protection (weapon)
 b - a +3 longbow
 D - a +6 lajatang
 E - a +0 vampiric executioner's axe
 F - a +3 glaive
 G - a +5 quick blade
 H - a +0 arbalest
Armour
 n - a +2 pair of gloves of infusion (worn)
 o - a +1 pair of boots (worn)
 C - a +1 cloak (worn)
Magical Staves
 q - a staff of air
 A - a staff of conjuration
 B - a staff of death
Jewellery
 e - a +3 ring of dexterity (right hand)
 l - a ring of wizardry
 u - a +4 ring of protection (left hand)
 y - a ring of positive energy
 z - a ring of positive energy
 I - a +6 ring of strength
Scrolls
 h - a scroll of blinking
 j - 5 scrolls of amnesia
 k - a scroll of summoning
 t - 4 scrolls of enchant weapon
 v - 4 scrolls of butterflies
 w - a scroll of fear
 x - 2 scrolls of identify
Potions
 c - 7 potions of curing
 d - 15 potions of heal wounds
 f - 2 potions of magic
 g - a potion of berserk rage
 i - 2 potions of invisibility
 m - 2 potions of might
 p - 4 potions of mutation
 s - 3 potions of ambrosia
Miscellaneous
 r - a phantom mirror
 J - a condenser vane


   Skills:
 - Level 14.0 Fighting
 + Level 20.5 Polearms
 + Level 17.6 Ranged Weapons
 - Level 12.0 Dodging
 - Level 12.7 Stealth
 + Level 18.7 Spellcasting
 - Level 12.1 Invocations
 + Level 8.3 Evocations


You had 50 spell levels left.
You didn't know any spells.
Your spell library contained the following spells:

 Spells                   Type           Power      Damage    Failure   Level
 Apportation              Tloc           48%        N/A       1%          1
 Beastly Appendage        Tmut           48%        N/A       1%          1
 Sting                    Tmut/Pois      96%        1d7       1%          1
 Blink                    Tloc           48%        N/A       2%          2
 Cigotuvi's Dreadful Rot  Necr/Pois/Air  48%        N/A       2%          2
 Scorch                   Fire           48%        2d7       2%          2
 Sublimation of Blood     Necr           24%        N/A       2%          2
 Wereblood                Tmut           24%        N/A       2%          2
 Confusing Touch          Hex            24%        N/A       5%          3
 Ignite Poison            Fire/Tmut/Pois 24%        N/A       5%          3
 Inner Flame              Hex/Fire       24%        N/A       5%          3
 Animate Dead             Necr           24%        N/A       19%         4
 Flame Wave               Conj/Fire      24%        2d8       19%         4
 Iskenderun's Mystic Bla  Conj/Tloc      24%        2d7       19%         4
 Manifold Assault         Tloc           24%        N/A       19%         4
 Passage of Golubria      Tloc           24%        N/A       19%         4
 Petrify                  Tmut/Erth      24%        N/A       19%         4
 Borgnjor's Vile Clutch   Necr/Erth      12%        N/A       45%         5
 Lee's Rapid Deconstruct  Erth           12%        3d9*      45%         5
 Death Channel            Necr           12%        N/A       96%         6
 Iron Shot                Conj/Erth      12%        9d3       96%         6
 Summon Cactus Giant      Summ           12%        N/A       96%         6
 Storm Form               Tmut/Air       12%        N/A       100%        7
 Summon Hydra             Summ           12%        N/A       100%        7
 Lehudib's Crystal Spear  Conj/Erth      12%        10d4      100%        8
 Necromutation            Tmut/Necr      12%        N/A       100%        8


Dungeon Overview and Level Annotations

Branches:
Dungeon (1/1)

Altars:
Ashenzari
Cheibriados
Dithmenos
Elyvilon
Fedhas
Gozag
Hepliaklqana
Kikubaaqudgha
Makhleb
Nemelex Xobeh
Okawaru
Qazlal
Ru
Sif Muna
Trog
Uskayaw
Vehumet
Wu Jian
Xom
Yredelemnul
Zin
The Shining One
Jiyva
Lugonu


Innate Abilities, Weirdness & Mutations

Your dull iron-grey scales are very hard. (AC +13)
You are amphibious.
You cannot fit into any form of body armour.
You are cold-blooded and may be slowed by cold attacks.


Message History

The daeva calls down the wrath of the Shining One upon you.
The Shining One smites you! The dire elephant tramples you!
* * * LOW HITPOINT WARNING * * *
You stumble backwards!
Activating: Slouch (1% risk of failure)
Press: ? - help, Dir - look around, f - activate You can feel time thicken for a moment.
You kill the dire elephant!
Cheibriados thoroughly appreciates the change of pace.
Cheibriados raises the support of your attributes as your movement slows.
You kill the green draconian!
Cheibriados thoroughly appreciates the change of pace.
Cheibriados raises the support of your attributes as your movement slows.
Cheibriados lowers the support of your attributes as your movement quickens.
You feel sick.
The daeva hits you with a +2 long sword of holy wrath.
* * * LOW HITPOINT WARNING * * *
The daeva hits you with a +2 long sword of holy wrath.
* * * LOW HITPOINT WARNING * * *
Your Evocations skill increases to level 8!
Unknown command.
You feel much better.
You feel sick. The daeva closely misses you.
The daeva hits you with a +2 long sword of holy wrath.
Unknown command.
Activating: Slouch (1% risk of failure)
Press: ? - help, Dir - look around, f - activate You can feel time thicken for a moment.
You kill the daeva!
Cheibriados appreciates the change of pace.
Cheibriados lowers the support of your attributes as your movement quickens.
The yellow draconian annihilator points at you and mumbles some strange words.
The bolt of lightning hits you!
* * * LOW HITPOINT WARNING * * *
The bolt of lightning misses you.
Unknown command.
You feel much better.
You feel sick.
The yellow draconian annihilator points at you and mumbles some strange words.
The poison arrow hits you!!!
You are more poisoned.
You die...

.....# .. ......
#..## .....#
.###..#..###..#
##'###
..#..###..#...#
.....#
.....#.....).#
##'###
#..###..#...#
..)..# #
##qd#..###..#
[..(.# #A
#.)†....#..##
#.(.[# #.
##)†)).###..#
###.(#
#..#.@.)...#..##
..####
#:::#.#.#...##
###
#############


You could see a purple draconian and a yellow draconian annihilator.

Vanquished Creatures
  A sphinx (D)
  Kirke (D)
  A nagaraja (D)
  2 daevas (D)
  A deep elf sorcerer (D)
  2 orc warlords (D)
  A war gargoyle (D)
  3 vampire knights (D)
  A green draconian (D)
  3 deep elf demonologists (D)
  A deep elf annihilator (D)
  A black draconian (D)
  A white draconian (D)
  A dire elephant (D)
  A deep elf death mage (D)
  A green death (D)
  An eidolon (D)
  2 vault guards (D)
  A rakshasa (D)
  A hell beast (D)
  3 ogre magi (D)
  2 anacondas (D)
  2 boulder beetles (D)
  2 death knights (D)
  An alligator (D)
  An orc high priest (D)
  5 death yaks (D)
  2 naga warriors (D)
  4 vampire magi (D)
  A spriggan berserker (D)
  2 deep elf knights (D)
  A sea snake (D)
  14 orc knights (D)
  2 lindwurms (D)
  2 wizards (D)
  2 deep elf pyromancers (D)
  10 harpies (D)
  A deep elf zephyrmancer (D)
  2 orc sorcerers (D)
  A rust devil (D)
  2 black mambas (D)
  An orange demon (D)
  A gargoyle (D)
  A demonic crawler (D)
  A komodo dragon (D)
  Psyche (D)
  A yaktaur (D)
  An efreet (D)
  2 ice devils (D)
  A freezing wraith (D)
  2 trolls (D)
  2 wandering mushrooms (D)
  2 tarantellas (D)
  A hornet (D)
  2 tyrant leeches (D)
  3 slime creatures (D)
  A snapping turtle (D)
  An air elemental (D)
  A jumping spider (D)
  2 wraiths (D)
  7 hogs (D)
  A small abomination (D)
  A redback (D)
  2 chaos spawn (D)
  Menkaure (D)
  3 wargs (D)
  2 large abominations (D)
  An acid dragon (D)
  3 floating eyes (D)
  A swamp drake (D)
  6 orc warriors (D)
  A centaur (D)
  A kobold brigand (D)
  A phantom (D)
  A scorpion (D)
  5 killer bees (D)
  A crimson imp (D)
  2 quasits (D)
  2 orc priests (D)
  A gnoll bouda (D)
  2 iron imps (D)
  2 iguanas (D)
  3 orc wizards (D)
  5 gnolls (D)
  An adder (D)
  2 white imps (D)
  A worm (D)
  8 orcs (D)
  A ball python (D)
  A bat (D)
  6 endoplasms (D)
  3 giant cockroaches (D)
  A quokka (D)
  A bat simulacrum (D)
  A giant cockroach simulacrum (D)
  A rat (D)
198 creatures vanquished.

Notes
Turn   | Place    | Note
-------+----------+-------------------------------------------
     0 | D        | rocky1 the Draconian Monk began the quest for the Orb.
     0 | D        | Reached XP level 1. HP: 19/19 MP: 1/1
    11 | D        | Noticed a floating eye
    15 | D        | Paralysed by a floating eye for 4 turns
    22 | D        | Killed a floating eye
    23 | D        | Reached skill level 5 in Fighting
    23 | D        | Reached skill level 5 in Polearms
    23 | D        | Reached XP level 2. HP: 29/29 MP: 1/6
    23 | D        | Reached XP level 3. HP: 36/36 MP: 1/7
    23 | D        | Reached XP level 4. HP: 42/42 MP: 1/9
    27 | D        | Found a bloodstained altar of Trog.
    27 | D        | Found a shimmering blue altar of Sif Muna.
    27 | D        | Found a viscous altar of Jiyva.
    27 | D        | Found a hazy altar of Hepliaklqana.
    27 | D        | Found an opulent altar of Gozag.
    28 | D        | Found a glowing golden altar of the Shining One.
    28 | D        | Found a glowing silver altar of Zin.
    28 | D        | Found a basalt altar of Yredelemnul.
    28 | D        | Found a shimmering altar of Xom.
    28 | D        | Found an ornate altar of the Wu Jian Council.
    28 | D        | Found a sacrificial altar of Ru.
    28 | D        | Found a stormy altar of Qazlal.
    28 | D        | Found an iron altar of Okawaru.
    28 | D        | Found a sparkling altar of Nemelex Xobeh.
    28 | D        | Found a burning altar of Makhleb.
    28 | D        | Found a blossoming altar of Fedhas.
    28 | D        | Found a white marble altar of Elyvilon.
    28 | D        | Found a shadowy altar of Dithmenos.
    28 | D        | Found a snail-covered altar of Cheibriados.
    30 | D        | Found a radiant altar of Vehumet.
    30 | D        | Found a corrupted altar of Lugonu.
    31 | D        | Found a hide-covered altar of Uskayaw.
    31 | D        | Found an ancient bone altar of Kikubaaqudgha.
    31 | D        | Found a broken altar of Ashenzari.
    41 | D        | Became a worshipper of Cheibriados the Contemplative
    41 | D        | Reached * piety under Cheibriados
    41 | D        | Reached ** piety under Cheibriados
    83 | D        | Noticed a scorpion
    85 | D        | Killed a scorpion
    86 | D        | Reached skill level 5 in Dodging
    86 | D        | Reached XP level 5. HP: 50/50 MP: 9/11
   108 | D        | Noticed a floating eye
   113 | D        | Reached *** piety under Cheibriados
   114 | D        | Reached skill level 5 in Stealth
   118 | D        | Paralysed by a floating eye for 2 turns
   121 | D        | Killed a floating eye
   122 | D        | Reached skill level 6 in Polearms
   122 | D        | Reached XP level 6. HP: 60/60 MP: 11/13
   122 | D        | Reached **** piety under Cheibriados
   123 | D        | Reached skill level 5 in Spellcasting
   126 | D        | Reached ***** piety under Cheibriados
   317 | D        | Noticed an orc warrior
   323 | D        | Reached skill level 1 in Invocations
   328 | D        | Reached skill level 7 in Polearms
   330 | D        | Killed an orc warrior
   331 | D        | Your scales start taking on a dull iron-grey colour.
   331 | D        | Reached XP level 7. HP: 54/68 MP: 10/15
   380 | D        | Reached ****** piety under Cheibriados
   396 | D        | Noticed a tyrant leech
   409 | D        | Killed a tyrant leech
   649 | D        | Reached skill level 8 in Polearms
   680 | D        | Noticed an orc high priest
   680 | D        | Noticed a troll
   680 | D        | Noticed a troll
   680 | D        | Noticed a wraith
   682 | D        | Noticed an ice devil
   682 | D        | Noticed an orange demon
   682 | D        | Killed a troll
   682 | D        | Killed a wraith
   682 | D        | Killed a troll
   683 | D        | Reached XP level 8. HP: 79/79 MP: 7/19
   684 | D        | Killed an orc high priest
   685 | D        | Reached skill level 10 in Fighting
   685 | D        | Reached skill level 9 in Polearms
   685 | D        | Reached XP level 9. HP: 85/85 MP: 2/20
  1005 | D        | Noticed Psyche
  1005 | D        | Noticed a boulder beetle
  1012 | D        | Killed Psyche
  1027 | D        | Killed a boulder beetle
  1095 | D        | Reached skill level 10 in Polearms
  1095 | D        | Reached skill level 5 in Ranged Weapons
  1126 | D        | Reached XP level 10. HP: 95/95 MP: 22/22
  1126 | D        | Noticed a gargoyle
  1126 | D        | Noticed an orc knight
  1129 | D        | Noticed a lindwurm
  1130 | D        | Killed a gargoyle
  1131 | D        | Reached skill level 10 in Stealth
  1132 | D        | Killed a lindwurm
  1135 | D        | Killed an orc knight
  1136 | D        | Reached skill level 10 in Dodging
  1335 | D        | Noticed a black mamba
  1335 | D        | Noticed Menkaure
  1337 | D        | Killed a black mamba
  1339 | D        | Killed Menkaure
  1344 | D        | Reached skill level 11 in Polearms
  1528 | D        | Noticed a black mamba
  1531 | D        | Killed a black mamba
  1648 | D        | Noticed a rust devil
  1648 | D        | Noticed a vampire mage
  1649 | D        | Noticed an orc sorcerer
  1654 | D        | Killed a rust devil
  1655 | D        | Reached skill level 10 in Spellcasting
  1655 | D        | Reached skill level 10 in Invocations
  1655 | D        | Reached XP level 11. HP: 105/105 MP: 8/25
  1659 | D        | Killed a vampire mage
  1663 | D        | Paralysed by an orc sorcerer for 5 turns
  1669 | D        | Killed an orc sorcerer
  1843 | D        | Noticed a deep elf pyromancer
  1843 | D        | Noticed Kirke
  1843 | D        | Noticed a lindwurm
  1843 | D        | Noticed a death yak
  1847 | D        | Killed a lindwurm
  1847 | D        | Killed a deep elf pyromancer
  1848 | D        | Reached skill level 12 in Polearms
  1849 | D        | Noticed a sphinx
  1851 | D        | Noticed a sphinx
  1852 | D        | Killed Kirke
  1855 | D        | Killed a death yak
  2108 | D        | Noticed a deep elf zephyrmancer
  2120 | D        | Killed a deep elf zephyrmancer
  2220 | D        | Noticed a boulder beetle
  2220 | D        | Noticed a rakshasa
  2239 | D        | Killed a boulder beetle
  2245 | D        | Killed a rakshasa
  2499 | D        | Noticed an anaconda
  2509 | D        | Killed an anaconda
  2510 | D        | Reached XP level 12. HP: 111/116 MP: 27/27
  2569 | D        | Reached skill level 13 in Polearms
  2576 | D        | Reached skill level 10 in Ranged Weapons
  2786 | D        | Noticed a death knight
  2801 | D        | Killed a death knight
  3102 | D        | Noticed an orc warlord
  3117 | D        | Noticed an eidolon
  3122 | D        | Killed an orc warlord
  3123 | D        | Reached skill level 14 in Polearms
  3127 | D        | Killed an eidolon
  3321 | D        | Noticed an orc warlord
  3341 | D        | Killed an orc warlord
  3490 | D        | Reached skill level 15 in Polearms
  3799 | D        | Noticed a naga warrior
  3807 | D        | Noticed a vault guard
  3808 | D        | Noticed a vampire knight
  3813 | D        | Paralysed by a vampire knight for 5 turns
  3816 | D        | Noticed a vault guard
  3821 | D        | Killed a vampire knight
  3833 | D        | Killed a vault guard
  3834 | D        | Reached XP level 13. HP: 42/124 MP: 16/31
  4050 | D        | Reached skill level 16 in Polearms
  4366 | D        | Reached skill level 15 in Spellcasting
  4787 | D        | Noticed a black draconian
  4789 | D        | Reached skill level 17 in Polearms
  4801 | D        | Killed a black draconian
  4914 | D        | Noticed a daeva
  4922 | D        | Reached skill level 18 in Polearms
  4922 | D        | Reached skill level 15 in Ranged Weapons
  4923 | D        | Noticed a war gargoyle
  4925 | D        | Killed a war gargoyle
  4925 | D        | Killed a daeva
  4926 | D        | Noticed a vampire knight
  4932 | D        | Killed a vampire knight
  5018 | D        | Noticed a vampire knight
  5023 | D        | Killed a vampire knight
  5041 | D        | Reached XP level 14. HP: 63/132 MP: 0/35
  5047 | D        | Reached skill level 19 in Polearms
  5624 | D        | Reached skill level 1 in Evocations
  5971 | D        | Noticed a nagaraja
  5982 | D        | Killed a nagaraja
  5987 | D        | Reached skill level 5 in Evocations
  6270 | D        | Got the Folio of Warped Filth
  6272 | D        | Got the Essays on Rank Changing
  6285 | D        | Got the Catalogue of Minerals and Charms
  6290 | D        | Noticed a deep elf sorcerer
  6295 | D        | Reached skill level 20 in Polearms
  6295 | D        | Killed a deep elf sorcerer
  6299 | D        | Got the Dissertation on Injurious Incandescence
  6371 | D        | Got Dafur's Compendium of Transformation
  6380 | D        | Noticed a daeva
  6388 | D        | Noticed a sphinx
  6391 | D        | Noticed a yellow draconian annihilator
  6392 | D        | Killed a sphinx
  6396 | D        | Killed a daeva
  6397 | D        | Killed from afar by a yellow draconian annihilator

Illustrated notes

Levels and vault maps discovered:
D:        pitsprint [storerooms_1, entrance_room_1, metal_vault_4, armoury_2,
          mini_pit_1, grid_room_1, main_hall_1, silver_pit, the_coven_3,
          the_vestibule_1, steel_vault_2, golden_pit, hallway_of_sentries,
          crystal_vault_1, iron_vault_1, final_vault]

Skill      XL: |  1  2  3  4  5  6  7  8  9 10 11 12 13 14 |
---------------+-------------------------------------------+-----
Fighting       | 5 6 7 8 9 10 11 12 13 14 | 14.0
Polearms       | 5 6 7 8 9 10 11 12 15 18 20 | 20.5
Dodging        | 4 5 6 8 9 10 11 12 | 12.0
Stealth        | 4 5 6 8 9 11 12 | 12.7
Spellcasting   | 3 4 5 7 8 10 11 14 17 18 | 18.7
Invocations    | 2 6 7 8 10 12 | 12.1
Ranged Weapons | 3 5 7 9 12 16 17 | 17.6
Evocations     | 8 |  8.3

Action                   |  1- 3 |  4- 6 |  7- 9 | 10-12 | 13-15 || total
-------------------------+-------+-------+-------+-------+-------++-------
Melee: Spear             |     7 |       |       |       |       ||     7
       Tailslap          |     2 |     3 |     8 |    46 |    26 ||    85
       Trident           |       |    31 |    23 |       |       ||    54
       Halberd           |       |       |    24 |   237 |   169 ||   430
 Fire: Shortbow          |       |       |     6 |     7 |       ||    13
       Longbow           |       |       |       |       |     6 ||     6
Invok: Slouch            |       |     1 |     5 |    27 |    39 ||    72
       Bend Time         |       |       |     3 |       |       ||     3
  Use: Potion            |       |     1 |     1 |     4 |     6 ||    12
       Scroll            |       |       |       |     1 |     3 ||     4
 Stab: Sleeping          |     1 |     1 |     2 |     5 |     1 ||    10
       Distracted        |       |       |     1 |     2 |     2 ||     5
Armor: Skin              |       |     6 |    10 |    41 |    42 ||    99
Dodge: Dodged            |       |    14 |    34 |   187 |   134 ||   369

Table legend: (Time is in decaauts)
 A = Elapsed time spent in this place.
 B = Non-inter-level travel time spent in this place.
 C = Inter-level travel time spent in this place.
 D = Time resting spent in this place.
 E = Time spent auto-exploring this place.
 F = Levels seen in this place.
 G = Mean time per level.
                   A        B        C        D        E       F      G
               +--------+--------+--------+--------+--------+-----+--------+
         Total |   7491 |   7319 |    172 |   4331 |      0 |   1 | 7491.0 |
       Dungeon |   7491 |   7319 |    172 |   4331 |      0 |   1 | 7491.0 |
               +--------+--------+--------+--------+--------+-----+--------+

Top non-repeatable levels by time:
       D: 7491 daAuts
